AoeStats
← BRICK👺

MegaRandom

510513152Analyzed
2v2 RM · 20h ago on Oct 1, 2026· 85m 16s· 4 players
Game mode
Random Map
Map size
Medium (4 player)
Population
200
Speed
Normal
Resources
Standard
Victory
Conquest
Starting age
Dark Age
Ending age
Imperial Age
RankedLock teamsTeams togetherTeam positionsShared explorationLock speedFull tech treeHidden civsTurbo modeCheats
Victory
Defeat
🇨🇴 Vietnamese · Colombia
931
+15
🇸🇰 Persians · Slovakia
914
+16
🇨🇳 Maya · China
912
-16
🇨🇳 Spanish · China
910
-15
ChaoJiht
0:41 Loom
13:09 Feudal Age
17:35 Castle Age
18:14 Double-Bit Axe
23:39 Horse Collar
25:47 Padded Archer Armor
32:15 Leather Archer Armor
31:50 Fletching
33:32 Wheelbarrow
33:01 Heavy Plow
33:18 Bow Saw
34:37 Hand Cart
38:56 Imperial Age
36:56 Gold Mining
40:21 Conscription
40:38 Elite Conquistador
46:54 Ring Archer Armor
46:20 Bodkin Arrow
49:03 Hoardings
70:55 Supremacy
74:51 Ballistics
75:32 Chemistry
BRICK👺
0:27 Loom
13:40 Feudal Age
17:28 Castle Age
19:08 Fletching
19:54 Double-Bit Axe
19:50 Eagle Warrior
20:40 Scale Mail Armor
21:16 Pikeman
23:06 Squires
37:21 Crossbowman
42:43 Imperial Age
41:57 Town Watch
42:49 Wheelbarrow
44:05 Arbalester
44:51 Thumb Ring
45:13 Ballistics
45:54 Chemistry
48:34 Conscription
53:47 Padded Archer Armor
56:04 Hand Cart
59:06 Halberdier
60:11 Chain Mail Armor
60:07 Forging
62:40 Plate Mail Armor
62:09 Gold Mining
63:55 Iron Casting
71:47 Bow Saw
Mirdeld
9:41 Loom
12:13 Feudal Age
12:39 Double-Bit Axe
14:47 Horse Collar
15:30 Bloodlines
16:13 Forging
16:34 Scale Barding Armor
22:32 Castle Age
20:58 Fletching
22:50 Gold Mining
23:37 Bow Saw
24:06 Husbandry
25:36 Gold Shaft Mining
27:47 Heavy Plow
28:58 Stone Mining
33:36 Stone Shaft Mining
32:53 Elite Skirmisher
33:38 Thumb Ring
34:34 Bodkin Arrow
35:16 Iron Casting
35:01 Chain Barding Armor
38:19 Town Watch
39:10 Wheelbarrow
39:48 Ballistics
39:24 Murder Holes
39:40 Masonry
40:59 Kamandaran
44:21 Imperial Age
42:03 Town Patrol
43:59 Padded Archer Armor
43:23 Crossbowman
44:29 Hand Cart
45:05 Leather Archer Armor
45:51 Blast Furnace
45:27 Plate Barding Armor
44:17 Cavalier
46:05 Two-Man Saw
45:06 Imperial Skirmisher
45:46 Savar
49:31 Conscription
75:03 Ring Archer Armor
82:49 Citadels
85:03 Spies/Treason
deiwersmith
0:47 Loom
11:50 Feudal Age
13:54 Double-Bit Axe
13:51 Horse Collar
16:26 Fletching
16:37 Padded Archer Armor
21:33 Castle Age
21:36 Crossbowman
22:22 Thumb Ring
Connection lost

Rejoining the realm…

Still unreachable

The connection could not be restored.

Session expired

The server has moved on; the page needs a fresh start.